 Dungeon Crawl Stone Soup version 0.29.1-15-g9cfb28693d (webtiles) character file.

Game seed: 7307214413092852510

63 Heoruswealwe the Shooter (level 3, -4/30 HPs)
             Began as a Demigod Hunter on Apr 6, 2023.
             Slain by Robin
             ... wielding a +0 spear
              (5 damage)
             ... on level 3 of the Dungeon.
             The game lasted 00:14:13 (1734 turns).

Heoruswealwe the Shooter (Demigod Hunter)           Turns: 1734, Time: 00:14:14

Health: -4/30      AC:  3    Str: 12    XL:     3   Next: 63%
Magic:  5/5        EV: 12    Int: 11    God:
Gold:   104        SH:  0    Dex: 21    Spells: 2/2 levels left

rFire   . . .      SeeInvis .   a - +0 shortbow
rCold   . . .      Faith    .   (shield currently unavailable)
rNeg    . . .      Spirit   .   c - +0 leather armour
rPois   .          Reflect  .   (no helmet)
rElec   .          Harm     .   (no cloak)
rCorr   .          Rampage  .   (no gloves)
Will    .....                   (no boots)
Stlth   ++........              (no amulet)
HPRegen 0.10/turn               (no ring)
MPRegen 0.09/turn               (no ring)

@: no status effects
A: high MP 1, forlorn, divine attributes
a: no special abilities


You were on level 3 of the Dungeon.
You visited 1 branch of the dungeon, and saw 3 of its levels.

You collected 104 gold pieces.

Inventory:

Hand Weapons
 a - a +0 shortbow (weapon)
Armour
 c - a +0 leather armour (worn)
Jewellery
 i - a ring of protection from cold
Scrolls
 b - a scroll of blinking {unknown}
 d - a scroll of enchant armour {unknown}
 f - a scroll of magic mapping {unknown}
 g - a scroll of butterflies {unknown}
 j - 3 scrolls of amnesia {unknown}
 k - 3 scrolls of teleportation {unknown}
 m - a scroll of identify {unknown}
Potions
 e - a potion of mutation {unknown}
 h - a potion of haste {unknown}
 l - a potion of curing {unknown}


   Skills:
 + Level 2.4 Fighting
 + Level 4.0 Ranged Weapons
 + Level 2.4 Dodging
 + Level 1.9 Stealth


You had 2 spell levels left.
You didn't know any spells.
Your spell library contained the following spells:

 Spells                   Type           Power      Damage    Failure   Level
 Apportation              Tloc           0%         N/A       41%         1
 Blink                    Tloc           0%         N/A       56%         2
 Lesser Beckoning         Tloc           0%         N/A       80%         3
 Alistair's Intoxication  Tmut/Pois      0%         N/A       100%        5
 Manifold Assault         Tloc           0%         N/A       100%        5


Dungeon Overview and Level Annotations

Branches:
Dungeon (3/15)

Shops:
D:1 (

Annotations:
D:3 Robin


Innate Abilities, Weirdness & Mutations

You have an increased reservoir of magic. (+10% MP)
You shall have no god before yourself.
Your divine heritage dramatically boosts your attributes as you level up.


Message History

The goblin hits you with a +0 dagger.
* * * LOW HITPOINT WARNING * * *
Fire: a) +0 shortbow
Press: ? - help, Q - select action Shift-Dir - straight line, f/p - goblin
Aim: a goblin, wielding a +0 dagger (strong, 59% to hit)
You shoot an arrow. The arrow barely misses the goblin.
The goblin hits you but does no damage.
Fire: a) +0 shortbow
Press: ? - help, Q - select action Shift-Dir - straight line, f/p - goblin
Aim: a goblin, wielding a +0 dagger (strong, 59% to hit)
You shoot an arrow. The arrow hits the goblin.
The goblin is moderately wounded.
The goblin hits you but does no damage.
Robin roars a battlecry!
The goblin hits you with a +0 dagger.
* * * LOW HITPOINT WARNING * * *
Fire: a) +0 shortbow
Press: ? - help, Q - select action Shift-Dir - straight line, f/p - goblin
Aim: a goblin, wielding a +0 dagger (moderately wounded, strong, 59% to hit)
You shoot an arrow. The arrow hits the goblin!
You kill the goblin!
Robin throws the goblin at you! The goblin misses you.
A goblin comes into view. It is wielding a +0 club.
Fire: a) +0 shortbow
Press: ? - help, Q - select action Shift-Dir - straight line, f - goblin
Aim: a goblin, wielding a +0 club (strong, 59% to hit)
You shoot an arrow. The arrow completely misses the goblin.
The goblin hits you with a +0 club.
* * * LOW HITPOINT WARNING * * *
The goblin hits you with a +0 club.
* * * LOW HITPOINT WARNING * * *
Unknown command.
Fire: a) +0 shortbow
Press: ? - help, Q - select action Shift-Dir - straight line, f/p - goblin
Aim: a goblin, wielding a +0 club (strong, 59% to hit)
You shoot an arrow. The arrow hits the goblin!
You kill the goblin!
The goblin no longer looks unusually strong.
Robin hits you from afar with a +0 spear.
You die...

########### #
......)@).#
.#
#########g#.#
#.g#
....g...##
##.gg....
g.gg###.#.
##. #.##. #
#.# .# ..# #


You could see Robin and a goblin.

Vanquished Creatures
  An adder (D:2)
  A dart slug (D:1)
  3 ball pythons
  2 endoplasms
  2 giant cockroaches (D:1)
  14 goblins
  4 hobgoblins
  4 jackals
  6 quokkas
  A bat (D:1)
  3 kobolds
  6 rats
47 creatures vanquished.

Notes
Turn   | Place    | Note
-------+----------+-------------------------------------------
     0 | D:1      | Heoruswealwe the Demigod Hunter began the quest for the
                  | Orb.
     0 | D:1      | Reached XP level 1. HP: 17/17 MP: 3/3
    53 | D:1      | Reached skill level 1 in Stealth
   123 | D:1      | Reached XP level 2. HP: 9/24 MP: 4/4
   292 | D:1      | Found Rioneuto's Antique Weapon Shop.
  1223 | D:2      | Reached XP level 3. HP: 29/29 MP: 5/5
  1605 | D:2      | Reached skill level 4 in Ranged Weapons
  1715 | D:3      | Noticed Robin
  1733 | D:3      | HP: 1/30 [goblin/+0 club[Robin] (3)]
  1734 | D:3      | Slain by Robin

Illustrated notes

Levels and vault maps discovered:
D:1:      shiori_arrival_oz, layout_basic, serial_shops,
          nicolae_shop_hallway_stairs, hangedman_decor_riveting,
          roderic_serpentine_path, minmay_strange_pillars
D:2:      layout_loops_ring, basic_altar, dreamdust_ecumenical_altar_statues
D:3:      layout_loops_ring, uniq_robin

Skill      XL: |  1  2  3 |
---------------+----------+-----
Stealth        | 1 |  1.9
Fighting       | 2 |  2.4
Dodging        | 2 |  2.4
Ranged Weapons | 4 |  4.0

Action                   || total
-------------------------++-------
 Fire: Shortbow          ||    98
  Use: Scroll            ||     1
Armor: Leather armour    ||    14
Dodge: Dodged            ||    37
